 Dungeon Crawl Stone Soup version 0.26-a0-778-g3fe0686644 (webtiles) character file.

Game seed: 18255433430909710735

8 dickylongcocking the Sneak (level 2, 0/13 HPs)
             Began as a Spriggan Enchanter on Nov 11, 2020.
             Slain by a kobold
             ... wielding a +0 whip
              (2 damage)
             ... on level 1 of the Dungeon.
             The game lasted 00:00:36 (394 turns).

dickylongcocking the Sneak (Spriggan Enchanter)      Turns: 394, Time: 00:00:37

Health: 0/13       AC:  2    Str:  4    XL:     2   Next: 0%
Magic:  6/6        EV: 18    Int: 16    God:
Gold:   0          SH:  0    Dex: 16    Spells: 5/6 levels left

rFire    . . .     SeeInvis +   c - -2 dagger (curse)
rCold    . . .     Faith    .   (shield restricted)
rNeg     . . .     Spirit   .   b - +0 robe
rPois    .         Reflect  .   (helmet restricted)
rElec    .         Harm     .   (no cloak)
rCorr    .         Rampage  .   (gloves unavailable)
MR       .....                  (boots unavailable)
Stlth    +++.......             (no amulet)
HPRegen  0.04/turn              (no ring)
MPRegen  0.10/turn              (no ring)

@: very quick
A: very small, unfitting armour, see invisible, speed 3
a: no special abilities


You were on level 1 of the Dungeon.
You visited 1 branch of the dungeon, and saw 1 of its levels.

Inventory:

Hand Weapons
 a - a +1 dagger
 c - a cursed -2 dagger (weapon)
Armour
 b - a +0 robe (worn)


   Skills:
 * Level 1.8 Short Blades
 - Level 3.0 Dodging
 - Level 4.4 Stealth
 - Level 2.6 Spellcasting
 * Level 4.0 Hexes


You had 5 spell levels left.
You knew the following spells:

 Your Spells              Type           Power        Failure   Level
a - Corona                Hex            ###....      3%          1

Your spell library contained the following spells:

 Spells                   Type           Power        Failure   Level
 Confusing Touch          Hex            ###.....     11%         3
 Tukima's Dance           Hex            ###.....     11%         3
 Ensorcelled Hibernation  Hex/Ice        #.....       13%         2
 Dazzling Flash           Conj/Hex       #.....       26%         3


Dungeon Overview and Level Annotations

Branches:
Dungeon (1/15)

Altars:


Innate Abilities, Weirdness & Mutations

You are very small and have problems with some larger weapons.
You are too small for most types of armour.
You have supernaturally acute eyesight. (SInv)
You cover ground extremely quickly.


Message History

The bat is moderately wounded.
The bat completely misses you. The bat misses you. The kobold misses you.
You miss the bat.
The bat is moderately wounded.
The bat completely misses you. The bat hits you.
The kobold hits you with a +0 whip. The bat misses you.
You hit the bat but do no damage. The bat completely misses you.
The kobold hits you with a +0 whip.
* * * LOW HITPOINT WARNING * * *
The bat hits you.
* * * LOW HITPOINT WARNING * * *
You hit the bat but do no damage. The bat closely misses you.
The kobold closely misses you.
You closely miss the bat. The bat hits you but does no damage.
The bat barely misses you. The kobold completely misses you.
You hit the bat but do no damage. The bat completely misses you.
The bat misses you. The kobold barely misses you.
You hit the bat but do no damage. The bat misses you.
The kobold hits you with a +0 whip.
You die...

.#####...###....##..#...
#.......##..#.##
##.....####(#.#####
#..#.....>(.......
#..#.#####.....###
#..#.##..Kb.##.#
##.......##b## ..
#...###..##b# .. .
##..## # ##@# .
..###..#####..##K#
#.............>.lr
#..#.#.#####..###.#
#..#.#.# .. #......# ...
#.....## ... #.#.#..#
.... #......######


You could see a leopard gecko, 3 bats, 2 kobolds and a rat.

Vanquished Creatures
  5 hobgoblins (D:1)
  A bat (D:1)
  A frilled lizard (D:1)
7 creatures vanquished.

Notes
Turn   | Place    | Note
-------+----------+-------------------------------------------
     0 | D:1      | dickylongcocking the Spriggan Enchanter began the quest for
                  | the Orb.
     0 | D:1      | Reached XP level 1. HP: 9/9 MP: 5/5
   340 | D:1      | Reached XP level 2. HP: 13/13 MP: 4/6
   394 | D:1      | Slain by a kobold

Illustrated notes

Levels and vault maps discovered:
D:1:      wander_arrival_chamber, layout_rooms, minmay_bisected

Skill      XL: |  1 |
---------------+----+-----
Hexes          | 4 |  4.0
Short Blades   | |  1.8
Dodging        | |  3.0
Stealth        | |  4.4
Spellcasting   | |  2.6

Action                   || total
-------------------------++-------
Melee: Dagger            ||    57
 Cast: Corona            ||     7
 Stab: Sleeping          ||     2
Armor: Robe              ||    13
Dodge: Dodged            ||   109

Table legend: (Time is in decaauts)
 A = Elapsed time spent in this place.
 B = Non-inter-level travel time spent in this place.
 C = Inter-level travel time spent in this place.
 D = Time resting spent in this place.
 E = Time spent auto-exploring this place.
 F = Levels seen in this place.
 G = Mean time per level.
                   A        B        C        D        E       F      G
               +--------+--------+--------+--------+--------+-----+--------+
         Total |    361 |    361 |      0 |    109 |    158 |   1 |  361.0 |
       Dungeon |    361 |    361 |      0 |    109 |    158 |   1 |  361.0 |
               +--------+--------+--------+--------+--------+-----+--------+

Top non-repeatable levels by time:
     D:1: 361 daAuts
